 Dungeon Crawl Stone Soup version 0.27.0-1-g7a089689b8 (webtiles) character file.

Game seed: 2498432920175027103

38 inmateoo the Insei (level 3, -1/23 HPs)
             Began as an Octopode Transmuter on Aug 2, 2021.
             Slain by Jessica (2 damage)
             ... on level 1 of the Dungeon.
             The game lasted 00:01:30 (1072 turns).

inmateoo the Insei (Octopode Transmuter)            Turns: 1072, Time: 00:01:30

Health: -1/23      AC:  1    Str:  9    XL:     3   Next: 43%
Magic:  4/6        EV: 13    Int: 16    God:
Gold:   46         SH:  0    Dex: 12    Spells: 3/6 levels left

rFire    . . .     SeeInvis .     - Unarmed
rCold    . . .     Faith    .   (no shield)
rNeg     . . .     Spirit   .   (helmet currently unavailable)
rPois    .         Reflect  .   (no amulet)
rElec    .         Harm     .   (no ring)
rCorr    .         Rampage  .   (no ring)
Will     .....                  (no ring)
Stlth    ++........             (no ring)
HPRegen  0.07/turn              (no ring)
MPRegen  0.10/turn              (no ring)
                                (no ring)
                                (no ring)

@: appendages, wereblooded
A: tentacle spike 3, almost no armour, amphibious, 8 rings, camouflage 1,
gelatinous body 1, (nimble swimmer 1), tentacles
a: End Transformation


You were on level 1 of the Dungeon.
One of your tentacles had grown a beastly spike.
You visited 1 branch of the dungeon, and saw 2 of its levels.

You collected 46 gold pieces.

Inventory:

Scrolls
 a - a scroll of enchant armour {unknown}
 e - a scroll of noise {unknown}
 f - a scroll of immolation {unknown}
Potions
 b - a potion of flight {unknown}
 c - a potion of might {unknown}
 d - a potion of attraction {unknown}


   Skills:
 + Level 1.6 Fighting
 + Level 2.4 Dodging
 + Level 3.2 Unarmed Combat
 + Level 2.3 Spellcasting
 + Level 2.4 Transmutations


You had 3 spell levels left.
You knew the following spells:

 Your Spells              Type           Power      Damage    Failure   Level
a - Beastly Appendage     Tmut           18%        N/A       8%          1
b - Wereblood             Tmut           9%         N/A       11%         2

Your spell library contained the following spells:

 Spells                   Type           Power      Damage    Failure   Level
 Spider Form              Tmut/Pois      2%         N/A       36%         3
 Ice Form                 Ice/Tmut       5%         N/A       77%         4


Dungeon Overview and Level Annotations

Branches:
Dungeon (2/15)

Altars:

Annotations:
D:2 Jessica


Innate Abilities, Weirdness & Mutations

One of your tentacles has grown a beastly spike.
You cannot wear most types of armour.
You are amphibious.
You can wear up to eight rings at the same time.
Your skin changes colour to match your surroundings (Stealth+).
Your rubbery body absorbs attacks. (AC +1, EV +1)
((You are camouflaged near water. (Stealth+)))
You have tentacles for arms and can constrict up to eight enemies at once.


Message History

Your primal bloodlust is almost over.
A rat is nearby!
You completely miss the rat. You grab the rat. You constrict the rat.
The rat barely misses you.
You tentacle-slap the rat.
You kill the rat!
You howl as the wereblood boils in your veins!
Your primal bloodlust has ended.
f - a scroll labelled TICKUXT LUYSODUWA No target in view!
Magic restored.
Jessica the Apprentice Sorceress comes into view.
She is wielding a +0 club.
Found a stone staircase leading up.
Jessica shouts!
Jessica drinks a potion.
Jessica flickers and vanishes!
Deactivating autopickup; reactivate with Ctrl-A.
No target in view!
Casting: Wereblood (safe; 11% risk of failure)
Confirm with . or Enter, or press ? or * to list all spells.
One of your tentacles grows a vicious spike.
Casting: Beastly Appendage (safe; 8% risk of failure)
Confirm with . or Enter, or press ? or * to list all spells.
Your blood is infused with primal strength.
You hear some strange, mumbled words.
Pain shoots through your body! Something hits you.
You hear some strange, mumbled words.
There is a stone staircase leading up here.
Something hits you.
* * * LOW HITPOINT WARNING * * *
You climb upwards.
Reactivating autopickup.
There is a stone staircase leading down here.
You start resting.
You hear some strange, mumbled words.
Deactivating autopickup; reactivate with Ctrl-A.
Pain shoots through your body!
* * * LOW HITPOINT WARNING * * *
You start resting.
Something hits you.
You die...

####### ######.....#####
##..............# ###### #
##.............>.# ##..... ##
####................####..####
.###...................#.........
.....##....................######
.⌠#####.........@.........##
....###............).#..#.#
♣.#...##................#.#
♣.###..................##.# ♣.#
##............#.#.#...#
..#####....(............###
.⌠#.....................#
#...##..................#
..####.#.......#........#


There were no monsters in sight!

Vanquished Creatures
  A gnoll (D:1)
  A dart slug (D:1)
  An endoplasm (D:1)
  2 giant cockroaches (D:1)
  3 goblins (D:1)
  3 hobgoblins
  4 kobolds (D:1)
  A quokka (D:1)
  2 ball pythons
  2 frilled lizards (D:1)
  5 rats
25 creatures vanquished.

Notes
Turn   | Place    | Note
-------+----------+-------------------------------------------
     0 | D:1      | inmateoo the Octopode Transmuter began the quest for the
                  | Orb.
     0 | D:1      | Reached XP level 1. HP: 13/13 MP: 3/3
   205 | D:1      | Reached XP level 2. HP: 8/18 MP: 3/5
   223 | D:1      | Learned a level 2 spell: Wereblood
   534 | D:1      | Found a faded altar of an unknown god.
   539 | D:1      | Reached XP level 3. HP: 12/23 MP: 4/6
  1057 | D:2      | Noticed Jessica
  1071 | D:1      | HP: 1/23 [something/nerve-wracking pain (5)]
  1072 | D:1      | Slain by Jessica

Illustrated notes

Levels and vault maps discovered:
D:1:      heliophobic_arrival_henge, layout_rooms,
          shapermc_ecumenical_altar_notcrosses
D:2:      layout_basic, uniq_jessica, uniq_crazy_yiuf_cottage

Action                   || total
-------------------------++-------
Melee: Unarmed           ||    42
       Constrict         ||    16
       Tentacles         ||     7
       Kick              ||    11
       Punch             ||     1
 Cast: Beastly Appendage ||    12
       Wereblood         ||     6
Armor: Skin              ||     2
Dodge: Dodged            ||    15
